AoeStats
← [NICE_ASS] BigMasi

Nomad

507136020Analyzed
2v2 RM · 16d ago on Sep 16, 2026· 46m 58s· 4 players
Game mode
Random Map
Map size
176×176
Population
200
Speed
Normal
Resources
Standard
Victory
Conquest
Starting age
Dark Age
Ending age
Imperial Age
RankedLock teamsTeams togetherTeam positionsShared explorationLock speedFull tech treeHidden civsTurbo modeCheats
Victory
Defeat
🇨🇭 Tupi · Switzerland
1297
+12
🇨🇭 Vikings · Switzerland
1171
+16
🇲🇽 Romans · Mexico
1201
-14
🇲🇽 Persians · Mexico
1200
-14
Tlaloke626
4:12 Loom
13:25 Feudal Age
14:50 Fishing Lines
20:15 Castle Age
19:32 Scale Barding Armor
20:51 Bloodlines
20:49 Town Watch
23:20 Medium Warships
24:00 Fletching
25:30 Horse Collar
26:25 Careening
26:46 Clinker Construction
27:26 Double-Bit Axe
31:38 Forging
37:58 Wheelbarrow
38:23 Bodkin Arrow
45:52 Imperial Age
zoltan
4:23 Loom
12:53 Feudal Age
13:52 Double-Bit Axe
16:21 Town Watch
18:36 Man-at-Arms
21:42 Castle Age
19:54 Scale Mail Armor
20:30 Forging
20:57 Scale Mail Armor
20:53 Horse Collar
22:58 Chain Mail Armor
23:26 Iron Casting
22:40 Fishing Lines
23:55 Wheelbarrow
24:10 Medium Warships
25:27 Squires
25:42 Bow Saw
25:31 Gold Mining
29:31 Careening
30:27 Ballistics
31:19 Clinker Construction
33:10 Heavy Plow
33:59 Chain Mail Armor
34:33 Hand Cart
34:09 Pikeman
40:02 Imperial Age
37:03 Man-at-Arms
38:14 Stone Mining
38:12 Long Swordsman
39:26 Masonry
40:13 Fletching
41:18 Conscription
40:37 Legionary
42:53 Conscription
44:22 Chemistry
43:30 Siege Engineers
hanibalX
4:19 Loom
14:18 Feudal Age
16:53 Double-Bit Axe
20:01 Castle Age
18:17 Fletching
19:42 Horse Collar
20:54 Bodkin Arrow
23:23 Ballistics
22:59 Fishing Lines
24:37 Gillnets
27:33 Clinker Construction
30:42 Padded Archer Armor
32:43 Leather Archer Armor
32:16 Crossbowman
32:59 Gold Mining
34:24 Heavy Plow
35:10 Forging
35:01 Scale Mail Armor
37:08 Careening
37:47 Gold Shaft Mining
37:25 Bow Saw
43:24 Imperial Age
41:49 Town Watch
44:07 Masonry
44:44 Conscription
43:50 Onager
45:27 Architecture
46:43 Hoardings
47:43 Chemistry
[NICE_ASS] BigMasi
4:37 Loom
16:00 Feudal Age
19:56 Castle Age
18:04 Horse Collar
18:09 Double-Bit Axe
18:17 Gold Mining
18:15 Double-Bit Axe
18:24 Stone Mining
19:17 Fishing Lines
21:44 Bow Saw
22:39 Medium Warships
24:37 Horse Collar
26:57 Wheelbarrow
26:45 Heavy Plow
27:29 Fletching
29:50 Bodkin Arrow
33:24 Ballistics
34:42 Padded Archer Armor
40:34 Imperial Age
41:11 Hand Cart
40:43 Town Watch
41:21 Bracer
41:37 Leather Archer Armor
42:24 Chemistry
41:03 Onager
42:11 Conscription
43:58 Curare
43:20 Capped Ram
47:13 Ring Archer Armor
46:30 Siege Ram
Connection lost

Rejoining the realm…

Still unreachable

The connection could not be restored.

Session expired

The server has moved on; the page needs a fresh start.